 Dungeon Crawl Stone Soup version 0.24-a0-201-gf205589 (webtiles) character file.

Game seed: 11188292120857424684

4800 Gleancrawler the Fighter (level 10, -9/86 HPs)
             Began as a Formicid Fighter on Mar 23, 2019.
             Was an Elder of Trog.
             Mangled by a white ugly thing (24 damage)
             ... on level 11 of the Dungeon.
             The game lasted 00:20:37 (9313 turns).

Gleancrawler the Fighter (Formicid Fighter)         Turns: 9313, Time: 00:20:37

Health: -9/86      AC: 10    Str: 25    XL:     10   Next: 76%
Magic:  10/10      EV:  8    Int: 12    God:    Trog [****..]
Gold:   629        SH:  9    Dex: 10    Spells: 9/9 levels left

rFire    . . .     SeeInvis +   o - +2 dagger (venom)
rCold    . . .     Gourm    .   c - +0 shield
rNeg     . . .     Faith    +   u - +0 chain mail
rPois    +         Spirit   .   (helmet unavailable)
rElec    .         Reflect  .   (no cloak)
rCorr    .         Harm     .   w - +0 pair of gloves
MR       ++...                  (no boots)
Stlth    ..........             v - amulet of faith
HPRegen  0.24/turn              q - ring of poison resistance
MPRegen  0.12/turn              z - ring of protection from magic

@: mighty
A: permanent stasis, dig shafts and tunnels, four strong arms, antennae 3
a: Dig, Shaft Self, Trog's Hand, Brothers in Arms, Renounce Religion


You were on level 11 of the Dungeon.
You worshipped Trog.
Trog was greatly pleased with you.
You were not hungry.

You visited 2 branches of the dungeon, and saw 12 of its levels.

You collected 629 gold pieces.

Inventory:

Hand Weapons
 a - a +0 war axe
 g - a +1 dire flail of protection
 o - a +2 dagger of venom (weapon)
 s - a +0 battleaxe of freezing
Missiles
 i - 11 tomahawks (quivered)
 n - 35 bolts
 y - a throwing net
Armour
 c - a +0 shield (worn)
 u - a +0 chain mail (worn)
 w - a +0 pair of gloves (worn)
 D - a +0 plate armour
Jewellery
 b - an uncursed ring of protection from cold
 k - an uncursed ring of positive energy
 q - a ring of poison resistance (left hand)
 v - an amulet of faith (around neck)
 x - an uncursed ring of ice
 z - a ring of protection from magic (right hand)
 A - an uncursed ring of resist corrosion
Wands
 C - a wand of iceblast (7)
 E - a wand of flame (11)
Scrolls
 e - 7 scrolls of identify
 h - a scroll of magic mapping
 p - a scroll of fear
 t - 2 scrolls of remove curse
Potions
 d - a potion of might
 j - 3 potions of invisibility
 l - 2 potions of curing
 m - a potion of magic
 r - a potion of brilliance
Comestibles
 f - 17 rations


   Skills:
 - Level 10.8 Fighting
 - Level 10.4 Axes
 + Level 4.7 Armour
 - Level 4.2 Dodging
 - Level 3.6 Shields


You had 9 spell levels left.
You didn't know any spells.
Your spell library contained the following spells:

 Spells                   Type           Power        Failure   Level  Hunger
 Animate Skeleton         Necr           N/A          100%        1    ##.....
 Apportation              Tloc           #.....       100%        1    ##.....
 Confusing Touch          Hex            #.....       100%        1    ##.....
 Summon Small Mammal      Summ           #...         100%        1    ##.....


Dungeon Overview and Level Annotations

Branches:
Dungeon (12/15)            Temple (1/1) D:4             Orc (0/2) D:9
   Lair: D:8-11

Altars:
Ashenzari
Cheibriados
Dithmenos
Fedhas
Gozag
Hepliaklqana
Makhleb
Qazlal
Trog
Vehumet
Wu Jian
Xom
Yredelemnul
Zin
The Shining One

Annotations:
D:8 2 runed translucent doors
D:9 Erolcha


Innate Abilities, Weirdness & Mutations

You cannot be hasted, slowed, berserked, paralysed or teleported.
You can dig through walls and to a lower floor.
Your four strong arms can wield two-handed weapons with a shield.
You have a pair of large antennae on your head. (SInv)


Message History

You are too injured to fight recklessly!
You puncture the white ugly thing!
The white ugly thing is heavily wounded.
You block the white ugly thing's attack.
You feel better. The white ugly thing barely misses you.
You closely miss the white ugly thing.
The white ugly thing is heavily wounded.
The white ugly thing barely misses you.
You hit the white ugly thing.
The white ugly thing looks as sick as possible!
The white ugly thing is heavily wounded.
You block the white ugly thing's attack.
You closely miss the white ugly thing.
The white ugly thing is heavily wounded.
The white ugly thing trunk-slaps you. The white ugly thing freezes you!!
* * * LOW HITPOINT WARNING * * *
You feel better. The white ugly thing trunk-slaps you.
* * * LOW HITPOINT WARNING * * *
The white ugly thing freezes you!!
You die...

.. ... ###########
#.# ... #.........#
.. #.# #.........#
#.##.# #.........#
..#.# #.#@#######
#.#.# #.#u# .. #†#.#
#.#O# {.. #...# #.#.#
.O.< ######..# #.#.#
.u..O
#......>###.#.#......
#.###.......#....#
#.........#$####
#........####


You could see a white ugly thing and an ogre.

Vanquished Creatures
  A troll (D:12)
  Prince Ribbit (D:5)
  Grinder (D:5)
  A hippogriff (D:8)
  A hungry ghost (D:8)
  Edmund (D:6)
  2 ice beasts (D:6)
  2 orc warriors (D:9)
  Duvessa (D:7)
  A black bear (D:9)
  5 ogres
  A phantom (D:4)
  4 centaurs
  Blork the orc (D:5)
  3 bullfrogs
  Dowan (D:7)
  A scorpion (D:11)
  4 killer bees (D:7)
  3 wights (D:12)
  A howler monkey (D:4)
  2 crimson imps
  5 orc priests
  7 hounds
  3 jellies
  7 orc wizards
  3 centaur skeletons
  Natasha (thrice) (D:3)
  2 iguanas
  6 worker ants
  2 hound skeletons
  A worker ant zombie (D:7)
  7 gnolls
  8 adders
  A shadow imp (D:5)
  An ooze (D:1)
  2 adder skeletons
  4 adder zombies
  2 dart slugs
  6 leopard geckos
  27 orcs
  5 giant cockroaches
  6 hobgoblins
  9 jackals
  9 kobolds
  3 quokkas
  9 bats
  4 frilled lizards
  8 goblins
  2 jackal skeletons
  A jackal zombie (D:5)
  A leopard gecko zombie (D:6)
  A quokka skeleton (D:7)
  13 rats
206 creatures vanquished.

Notes
Turn   | Place    | Note
-------+----------+-------------------------------------------
     0 | D:1      | Gleancrawler the Formicid Fighter began the quest for the
                  | Orb.
     0 | D:1      | Reached XP level 1. HP: 18/18 MP: 1/1
    53 | D:1      | Reached XP level 2. HP: 20/24 MP: 2/2
   265 | D:1      | Reached XP level 3. HP: 18/29 MP: 3/3
  1358 | D:2      | Found a glowing golden altar of the Shining One.
  1386 | D:2      | Reached XP level 4. HP: 34/35 MP: 4/4
  1998 | D:3      | Reached XP level 5. HP: 39/41 MP: 5/5
  2043 | D:3      | Noticed Natasha
  2051 | D:3      | Killed Natasha
  2155 | D:3      | Noticed Natasha
  2168 | D:3      | Killed Natasha
  2172 | D:3      | Reached skill level 5 in Axes
  2197 | D:3      | Noticed Natasha
  2204 | D:3      | Killed Natasha
  2288 | D:3      | Reached XP level 6. HP: 48/48 MP: 6/6
  2726 | D:4      | Found a staircase to the Ecumenical Temple.
  2740 | Temple   | Entered the Ecumenical Temple
  2748 | Temple   | Became a worshipper of Trog the Wrathful
  2841 | D:4      | Noticed a phantom
  2870 | D:4      | Reached skill level 5 in Fighting
  3164 | D:4      | Reached XP level 7. HP: 48/56 MP: 7/7
  3530 | D:4      | Found a snail-covered altar of Cheibriados.
  3530 | D:4      | Found an opulent altar of Gozag.
  3607 | D:5      | Entered Level 5 of the Dungeon
  3607 | D:5      | Noticed Blork the orc
  3621 | D:5      | Killed Blork the orc
  3625 | D:5      | Reached * piety under Trog
  3829 | D:5      | Noticed Prince Ribbit
  3829 | D:5      | Noticed Grinder
  4050 | D:5      | Killed Prince Ribbit
  4050 | D:5      | Reached XP level 8. HP: 42/65 MP: 8/8
  4172 | D:5      | Killed Grinder
  5153 | D:6      | Reached ** piety under Trog
  5242 | D:6      | Reached XP level 9. HP: 74/74 MP: 9/9
  5329 | D:6      | Found a basalt altar of Yredelemnul.
  5421 | D:6      | Noticed Edmund
  5445 | D:6      | Killed Edmund
  5766 | D:7      | Noticed Duvessa
  5766 | D:7      | Noticed Dowan
  5785 | D:7      | Killed Duvessa
  6039 | D:7      | Killed Dowan
  6422 | D:7      | Found a shattered altar of Ashenzari.
  6442 | D:7      | Reached *** piety under Trog
  6958 | D:8      | Reached skill level 10 in Fighting
  6981 | D:8      | Paralysed by fainting for 7 turns
  6992 | D:8      | Reached XP level 10. HP: 81/85 MP: 10/10
  7041 | D:8      | Reached skill level 10 in Axes
  7441 | D:8      | Found a large runed translucent door.
  7441 | D:8      | Found a large runed translucent door.
  7441 | D:8      | Noticed Morgenly's ghost (novice MiFi)
  8268 | D:9      | Reached skill level 1 in Dodging
  8486 | D:9      | Found a shimmering altar of Xom.
  8735 | D:9      | Found a staircase to the Orcish Mines.
  8821 | D:9      | Noticed Erolcha
  8824 | D:9      | You fall through a shaft for 3 floors!
  9212 | D:12     | Reached **** piety under Trog
  9297 | D:11     | Noticed a white ugly thing
  9313 | D:11     | Mangled by a white ugly thing

Levels and vault maps discovered:
D:1:      lemuel_arrival_muddy, layout_loops_ring,
          minmay_misc_feat_secret_circle
D:2:      layout_loops_ring, overflow_temple_1_default
D:3:      layout_rooms, minmay_misc_feat_doors, minmay_between, uniq_natasha
D:4:      layout_loops_ring, gammafunk_temple_overflow_wave,
          minmay_temple_entry_offerings, first_ration
D:5:      layout_basic, uniq_grinder, uniq_blork_the_orc, uniq_prince_ribbit1
D:6:      layout_cave_pools, kennysheep_little_box, lemuel_old_faithful,
          uniq_edmund
D:7:      layout_loops_ring, ashenzari_altar_1, uniq_duvessa
D:8:      layout_loops_ring, ebering_ghost_disaster_area
D:9:      layout_cave_pools, lemuel_doored_altar, erik_orc_3, uniq_erolcha
D:11:     layout_basic, lair_entry_dummy
D:12:     layout_roguey
Temple:   lightli_temple_of_artemis

Skill      XL: |  1  2  3  4  5  6  7  8  9 10 |
---------------+-------------------------------+-----
Axes           | 3 4 5 7 8 9 10 | 10.4
Fighting       | 4 5 6 8 10 | 10.8
Dodging        | 4 |  4.2
Armour         | 4 |  4.7
Shields        | |  3.6

Action                   |  1- 3 |  4- 6 |  7- 9 | 10-12 || total
-------------------------+-------+-------+-------+-------++-------
Melee: War axe           |    96 |    23 |    41 |    25 ||   185
       Dagger            |    25 |   154 |   417 |   218 ||   814
       Dire flail        |       |       |    17 |       ||    17
Throw: Tomahawk          |       |       |     6 |     7 ||    13
 Abil: Dig               |       |     3 |     1 |       ||     4
       Shaft Self        |       |       |       |     1 ||     1
  Use: Scroll            |       |    12 |     5 |     1 ||    18
       Potion            |       |       |     1 |     3 ||     4
  Eat: Chunk             |     1 |     7 |    13 |     7 ||    28
       Ration            |       |       |     1 |     1 ||     2
Armor: Scale mail        |    82 |    13 |       |       ||    95
       Chain mail        |       |    65 |   244 |   140 ||   449
Dodge: Dodged            |    70 |    36 |    97 |    69 ||   272
Block: Shield            |    83 |    66 |   250 |   112 ||   511

Table legend:
 A = Non-vault XP
 B = Vault XP
 C = Vault XP percentage of total XP
 D = Non-vault monster count
 E = Vault monster count
 F = Vault count percentage of total count
                 A         B        C        D         E       F
            +---------+---------+-------+---------+---------+-------
      Total |    5110 |    1748 |  25.5 |     182 |      24 |  11.7
            +---------+---------+-------+---------+---------+-------
        D:1 |      53 |       0 |   0.0 |      29 |       0 |   0.0
        D:2 |      62 |       0 |   0.0 |      16 |       0 |   0.0
        D:3 |     133 |      39 |  22.7 |      24 |       3 |  11.1
        D:4 |     571 |       0 |   0.0 |      17 |       0 |   0.0
        D:5 |     244 |     671 |  73.3 |      16 |       3 |  15.8
        D:6 |     644 |     164 |  20.3 |      22 |       1 |   4.3
        D:7 |     929 |     216 |  18.9 |      29 |       2 |   6.5
        D:8 |    1185 |       0 |   0.0 |      18 |       0 |   0.0
        D:9 |     168 |     658 |  79.7 |       2 |      15 |  88.2
       D:11 |     474 |       0 |   0.0 |       2 |       0 |   0.0
       D:12 |     647 |       0 |   0.0 |       7 |       0 |   0.0
            +---------+---------+-------+---------+---------+-------
